 Dungeon Crawl Stone Soup version 0.23.0 (webtiles) character file.

Game seed: 15385923645971536280

265178 Mgcat the Impaler (level 20, -9/162 HPs)
             Began as a Merfolk Fighter on Feb 14, 2019.
             Was the Champion of Dithmenos.
             Mangled by a saltling (10 damage)
             ... in the Desolation of Salt on Feb 15, 2019.
             The game lasted 02:10:39 (49445 turns).

Mgcat the Impaler (Merfolk Fighter)                Turns: 49445, Time: 02:10:39

Health: -9/162     AC: 29    Str: 28    XL:     20   Next: 6%
Magic:  0/43       EV: 22    Int:  7    God:    Dithmenos [******]
Gold:   4383       SH: 17    Dex: 25    Spells: 34/39 levels left

rFire    + . .     SeeInvis +   c - +6 trident (freeze)
rCold    + + .     Gourm    .   x - +3 shield {reflect}
rNeg     . . .     Faith    .   v - +4 chain mail {rC+}
rPois    +         Spirit   +   C - +4 helmet of Magic {MP+9}
rElec    .         Reflect  +   E - +2 cloak {+Inv}
rCorr    .         Harm     .   J - +0 pair of gloves
MR       ++...                  e - +2 pair of boots
Stlth    ++++++++..             g - amulet of Qiqaro {Spirit *Contam MR+ Str+5 Dex+2}
HPRegen  0.37/turn              d - ring "Micufiyc" {*Slow rPois rF+ Stlth+}
MPRegen  0.28/turn              I - ring "Xisekh" {*Corrode rC+ Dex+2 SInv}

@: agile, very slightly contaminated, slowed, wreathed by umbra, very slow
A: change form in water, swift swim, stealthy swim
}: 2/15 runes: decaying, serpentine
a: Shadow Step, Shadow Form, Renounce Religion, Evoke Invisibility


You were in the Desolation of Salt.
You worshipped Dithmenos.
Dithmenos was exalted by your worship.
You were near starving.

You visited 6 branches of the dungeon, and saw 33 of its levels.
You also visited: Bailey, Gauntlet, Ice Cave and Desolation.

You collected 5055 gold pieces.
You spent 672 gold pieces at shops.

Inventory:

Hand Weapons
 c - a +6 trident of freezing (weapon)
   (You bought it in a shop on level 2 of the Orcish Mines)
Missiles
 r - 11 throwing nets {=f, !d}
Armour
 e - a +2 pair of boots (worn)
   (You found it on level 1 of the Dungeon)
 v - a +4 chain mail of cold resistance (worn)
   (You bought it in a shop on level 15 of the Dungeon)
 x - a +3 shield of reflection (worn)
   (You took it off Donald on level 2 of the Orcish Mines)
 C - the +4 helmet of Magic (worn) {MP+9}
   (You found it in a Gauntlet)

   It affects your magic capacity (+9).
 E - a +2 cloak of invisibility (worn)
   (You found it in a Gauntlet)
 J - a +0 pair of gloves (worn)
   (You took it off Nikola on level 4 of the Swamp)
Jewellery
 d - the ring "Micufiyc" (left hand) {*Slow rPois rF+ Stlth+}
   (You found it in an ice cave)

   [ring of protection from fire]

   It protects you from fire.
   It protects you from poison.
   It may slow you when you take damage.
   It makes you more stealthy.
 g - the amulet of Qiqaro (around neck) {Spirit *Contam MR+ Str+5 Dex+2}
   (You found it in the Desolation of Salt)

   [amulet of guardian spirit]

   It causes incoming damage to be split between your health and magic.
   It affects your strength (+5).
   It affects your dexterity (+2).
   It affects your resistance to hostile enchantments.
   It causes magical contamination when unequipped.
 i - a +5 amulet of reflection
   (You found it on level 2 of the Dungeon)
 I - the ring "Xisekh" (right hand) {*Corrode rC+ Dex+2 SInv}
   (You found it in an ice cave)

   [ring of see invisible]

   It affects your dexterity (+2).
   It protects you from cold.
   It lets you see invisible.
   It may corrode you when you take damage.
Wands
 b - a wand of polymorph (12)
   (You took it off a gnoll shaman in a bailey)
 o - a wand of iceblast (26)
   (You found it on level 4 of the Dungeon)
 q - a wand of acid (7)
   (You found it on level 4 of the Swamp)
 K - a wand of enslavement (8)
   (You took it off an orc wizard on level 14 of the Dungeon)
 L - a wand of digging (15)
   (You found it on level 15 of the Dungeon)
 M - a wand of scattershot (5)
   (You took it off a centaur warrior on level 14 of the Dungeon)
 N - a wand of flame (8)
   (You found it on level 2 of the Snake Pit)
Scrolls
 j - 10 scrolls of remove curse
 l - a scroll of fear
 s - 11 scrolls of identify
 w - 7 scrolls of fog
 A - 8 scrolls of blinking {!r}
 D - 2 scrolls of magic mapping {!r}
 H - 3 scrolls of amnesia
Potions
 h - 7 potions of brilliance
 m - 5 potions of flight
 n - a potion of heal wounds
 p - 7 potions of lignification {!q}
 t - 8 potions of curing
 u - a potion of mutation {!q}
 B - 2 potions of cancellation
 G - 2 potions of ambrosia
Miscellaneous
 y - a lamp of fire (inert)
   (You found it in a bailey)
 z - a phial of floods (inert)
   (You found it in a bailey)
 F - a lightning rod (4/4)
   (You found it on level 15 of the Dungeon)
Comestibles
 f - 38 rations


   Skills:
 + Level 15.2 Fighting
 + Level 20.3 Polearms
 + Level 10.2 Armour
 + Level 10.7 Dodging
 - Level 10.0 Stealth
 + Level 10.4 Shields
 - Level 10.0 Spellcasting
 - Level 10.0 Charms
 - Level 10.0 Necromancy
 - Level 10.0 Invocations
 - Level 10.0 Evocations


You had 34 spell levels left.
You knew the following spells:

 Your Spells              Type           Power        Failure   Level  Hunger
a - Song of Slaying       Chrm           ###.....     3%          2    ##.....
b - Regeneration          Chrm/Necr      ###.......   6%          3    ###....

Your spell library contained the following spells:

 Spells                   Type           Power        Failure   Level  Hunger
 Animate Skeleton         Necr           N/A          2%          1    None
 Infusion                 Chrm           ###.         2%          1    None
 Pain                     Necr           ###.         2%          1    None
 Corpse Rot               Necr           N/A          3%          2    ##.....
 Vampiric Draining        Necr           ###.......   6%          3    ###....
 Shroud of Golubria       Chrm/Tloc      ##........   26%         2    ##.....
 Swiftness                Chrm/Air       ##......     26%         2    ##.....
 Ozocubu's Armour         Chrm/Ice       ##......     45%         3    ###....
 Spectral Weapon          Hex/Chrm       ##......     45%         3    ###....
 Dispel Undead            Necr           ###.....     52%         5    ######.
 Excruciating Wounds      Chrm/Necr      ###.......   52%         5    ######.
 Apportation              Tloc           #.....       78%         1    None
 Beastly Appendage        Tmut           #.....       78%         1    None
 Confusing Touch          Hex            #.....       78%         1    None
 Corona                   Hex            #......      78%         1    None
 Flame Tongue             Conj/Fire      #....        78%         1    None
 Freeze                   Ice            #...         78%         1    None
 Magic Dart               Conj           #...         78%         1    None
 Shock                    Conj/Air       #...         78%         1    None
 Summon Small Mammal      Summ           #...         78%         1    None
 Blink                    Tloc           N/A          89%         2    ##.....
 Call Imp                 Summ           #.......     89%         2    ##.....
 Ensorcelled Hibernation  Hex/Ice        #.....       89%         2    ##.....
 Passwall                 Tmut/Erth      #.......     89%         2    ##.....
 Poisonous Vapours        Pois/Air       #.....       89%         2    ##.....
 Searing Ray              Conj           #.....       89%         2    ##.....
 Slow                     Hex            #.......     89%         2    ##.....
 Sticks to Snakes         Tmut           #.......     89%         2    ##.....
 Throw Flame              Conj/Fire      #.....       89%         2    ##.....
 Throw Frost              Conj/Ice       #.....       89%         2    ##.....
 Confuse                  Hex            #.......     98%         3    ###....
 Conjure Flame            Conj/Fire      #.......     98%         3    ###....
 Dazzling Spray           Conj/Hex       #.....       98%         3    ###....
 Inner Flame              Hex/Fire       #.......     98%         3    ###....
 Mephitic Cloud           Conj/Pois/Air  #.......     98%         3    ###....
 Portal Projectile        Hex/Tloc       #.....       98%         3    ###....
 Spider Form              Tmut/Pois      #.........   98%         3    ###....
 Static Discharge         Conj/Air       #.......     98%         3    ###....
 Stone Arrow              Conj/Erth      #.....       98%         3    ###....
 Tukima's Dance           Hex            #.......     98%         3    ###....
 Borgnjor's Vile Clutch   Necr/Erth      ##........   99%         5    ######.
 Airstrike                Air            #.........   100%        4    ####...
 Cause Fear               Hex            #.........   100%        4    ####...
 Force Lance              Conj/Tloc      #.......     100%        4    ####...
 Fulminant Prism          Conj/Hex       #.........   100%        4    ####...
 Ice Form                 Ice/Tmut       #.......     100%        4    ####...
 Iskenderun's Mystic Bla  Conj           #.......     100%        4    ####...
 Leda's Liquefaction      Hex/Erth       #.........   100%        4    ####...
 Passage of Golubria      Tloc           N/A          100%        4    ####...
 Sticky Flame             Conj/Fire      #.......     100%        4    ####...
 Summon Ice Beast         Ice/Summ       #.......     100%        4    ####...
 Throw Icicle             Conj/Ice       #.......     100%        4    ####...
 Blade Hands              Tmut           #.........   100%        5    ######.
 Fireball                 Conj/Fire      #.........   100%        5    ######.
 Lee's Rapid Deconstruct  Erth           #.........   100%        5    ######.
 Lightning Bolt           Conj/Air       #.........   100%        5    ######.
 Metabolic Englaciation   Hex/Ice        #.........   100%        5    ######.
 Silence                  Hex/Air        #.........   100%        5    ######.
 Summon Forest            Summ/Tloc      #.........   100%        5    ######.
 Summon Mana Viper        Hex/Summ       #.......     100%        5    ######.
 Darkness                 Hex            #.........   100%        6    #######
 Freezing Cloud           Conj/Ice/Air   #.........   100%        6    #######
 Hydra Form               Tmut           #.........   100%        6    #######
 Invisibility             Hex            #.......     100%        6    #######
 Shadow Creatures         Summ           N/A          100%        6    #######
 Ring of Flames           Chrm/Fire      ##........   100%        7    #######
 Summon Hydra             Summ           #.........   100%        7    #######
 Ignition                 Fire           #.........   100%        8    #######
 Shatter                  Erth           #.........   100%        9    #######
 Tornado                  Air            #.........   100%        9    #######


Dungeon Overview and Level Annotations

Branches:
Dungeon (15/15)            Temple (0/1) D:6            Lair (6/6) D:8
  Swamp (4/4) Lair:2        Snake (4/4) Lair:2        Slime (0/5) Lair:6
    Orc (2/2) D:11            Elf (0/3) Orc:2        Vaults (2/5) D:14
  Crypt (0/3) Vaults:2     Depths (0/5) D:15

Altars:
Ashenzari
Dithmenos
Fedhas
Gozag
Kikubaaqudgha
Okawaru
Wu Jian
Xom
Zin
Beogh

Shops:
D:5 *   D:12 :   D:15 %[*?   Orc:2 (*:[   Snake:4 }=}

Annotations:
D:3 3 runed translucent doors, tidbits's ghost, weakling GnSk
D:4 3 runed translucent doors, George's ghost, novice DsFi
D:6 2 transporters, Uhlv's ghost, novice MiWn
D:10 2 transporters
D:11 exclusion: upstairs
D:12 2 runed translucent doors, Jaiteiro's ghost, journeyman FoFi
Lair:4 exclusion: 2 oklob plants
Lair:5 exclusion: oklob plant
Snake:2 exclusion: Louise, Louise


Message History

Your peacekeeper bites the peacekeeper but does no damage.
Your peacekeeper claws the peacekeeper but does no damage.
You block the peacekeeper's attack.
The peacekeeper claws you but does no damage.
The peacekeeper hurls a volley of spikes at you.
The volley of spikes hits your peacekeeper!!
You block the saltling's attack.
The ragged hierophant casts a spell at you.
A blast of power from the earth and the adjacent constructs strikes you!
* * * LOW HITPOINT WARNING * * *
Your peacekeeper bites the peacekeeper.
Your peacekeeper claws the peacekeeper but does no damage.
The saltling hits you but does no damage.
Your water elemental hits the saltling.
Your water elemental engulfs the saltling in water!
You block the peacekeeper's attack. The peacekeeper completely misses you.
The peacekeeper bites your peacekeeper.
The peacekeeper barely misses your peacekeeper.
The saltling hits you.
* * * LOW HITPOINT WARNING * * *
The ragged hierophant hits your water elemental with a +0 rapier.
You take 10 damage, and have 35/162 hp.
You now have 10/43 mp.
Unknown command.
Unknown command.
Evoke which item? (* to show all) (? for menu, Esc to quit)
Okay, then.
Unknown command.
The saltling no longer looks unusually strong.
Your peacekeeper bites the peacekeeper.
Your peacekeeper claws the peacekeeper but does no damage.
The peacekeeper hurls a volley of spikes at you.
The volley of spikes hits you but does no damage.
The peacekeeper bites your peacekeeper.
The peacekeeper claws your peacekeeper but does no damage.
The saltling hits your peacekeeper!
Your peacekeeper is destroyed!
Your water elemental barely misses the saltling.
The saltling slips free of the water.
The ragged hierophant hits your water elemental with a +0 rapier.
You block the saltling's attack.
Unknown command.
Unknown command.
Unknown command.
Evoke which item? (* to show all) (? for menu, Esc to quit)
Aiming: Scattershot
Press: ? - help, Shift-Dir - straight line, f - saltling, p - peacekeeper
Aim: a saltling (lightly damaged, unusually strong, umbra) Really scattershot near your water elemental?
The burst of metal fragments hits the saltling but does no damage. x2
The burst of metal fragments hits the saltling.
The burst of metal fragments hits the saltling but does no damage. x3
The burst of metal fragments hits the saltling.
The burst of metal fragments hits the saltling!
The burst of metal fragments hits the saltling but does no damage. x3
The saltling is heavily damaged.
The saltling is severely damaged.
The peacekeeper bites you but does no damage.
You block the peacekeeper's attack. You block the saltling's attack.
The servant of whispers hits you from afar with a +0 spear.
* * * LOW HITPOINT WARNING * * *
You block the peacekeeper's attack. The peacekeeper barely misses you.
The saltling hits you but does no damage.
The peacekeeper bites you but does no damage.
The peacekeeper closely misses you. The saltling completely misses you.
Your water elemental hits the peacekeeper.
Your water elemental engulfs the peacekeeper in water!
The peacekeeper roars a battlecry!
The golems go into a battle-frenzy!
The servant of whispers hits you but does no damage.
You take 2 damage, and have 34/162 hp.
Unknown command.
Unknown command.
Unknown command.
Unknown command.
Evoke which item? (* to show all) (? for menu, Esc to quit)
Aiming: Scattershot
Press: ? - help, Shift-Dir - straight line, f/p - saltling
Aim: a saltling (severely damaged, unusually strong, umbra) Really scattershot near your water elemental?
The burst of metal fragments hits the saltling but does no damage. x5
The burst of metal fragments hits the saltling.
The burst of metal fragments hits the saltling but does no damage. x5
The saltling is almost destroyed.
The saltling no longer looks unusually strong.
The peacekeeper bites you!!
* * * LOW HITPOINT WARNING * * *
You block the peacekeeper's attack. The saltling barely misses you.
The peacekeeper completely misses you.
The peacekeeper claws you but does no damage.
You block the saltling's attack.
The peacekeeper bites you but does no damage.
The peacekeeper misses you.
The ragged hierophant points at you and mumbles some strange words.
A blast of power from the earth and the adjacent constructs strikes you!
* * * LOW HITPOINT WARNING * * *
Your water elemental hits the peacekeeper.
The servant of whispers utters an invocation to its god.
The air becomes perfectly still.
The saltling hits you!
You die...

.................................
.................................
.................................
................................#
................................#
#................................
.................................
...............8.................
......#........8@8...............
..p............88#...............
...............E8p...............
..8.........≈≈#≈..............
8...........≈p≈...............
..8p........≈≈≈...............
............≈.≈.............).
8.............................
............................).


You could see a ragged hierophant, a servant of whispers, 2 peacekeepers, 4
saltlings and a friendly water elemental.

Vanquished Creatures
  Nikola (Swamp:4)
  Donald (Orc:2)
  Frances (Swamp:1)
  Kirke (D:14)
  11 nagarajas
  2 thorn hunters
  A deep elf sorcerer (Vaults:1)
  2 orc warlords
  2 vault wardens
  A fire giant (Vaults:2)
  3 imperial myrmidons (Desolation)
  3 ironheart preservers
  A very ugly thing (Swamp:3)
  A stone giant (D:11)
  A minotaur (Gauntlet)
  2 deep elf death magi (Vaults:1)
  Erolcha (D:11)
  A crystal guardian (Desolation)
  6 ragged hierophants (Desolation)
  2 fire dragons
  6 ice dragons
  10 hydras
  Fannar (D:12)
  3 servants of whispers (Desolation)
  3 vault guards
  2 ghost crabs
  3 rakshasas (Vaults:1)
  3 peacekeepers (Desolation)
  2 ogre magi (Vaults:1)
  A shambling mangrove (Swamp:2)
  14 anacondas
  A death knight (D:15)
  A merfolk avatar (Lair:6)
  10 naga warriors
  5 centaur warriors
  17 death yaks
  13 two-headed ogres
  10 alligators
  2 tengu warriors (D:14)
  4 shock serpents
  2 orc high priests
  7 naga sharpshooters
  A deep elf knight (Vaults:1)
  A small abomination (Vaults:1)
  Nergalle (D:11)
  2 fire crabs (D:14)
  A salamander mystic (Snake:3)
  4 skeletal warriors (D:15)
  A glowing orange brain (Vaults:1)
  10 sea snakes
  4 wizards
  5 unseen horrors
  A death drake (Swamp:2)
  9 naga ritualists
  2 spriggan druids
  A flayed ghost (D:14)
  3 ironbrand convokers
  3 spectral hydras (Swamp:2)
  A deep elf archer (D:14)
  2 necromancers
  A phantasmal warrior (D:15)
  A wolf spider zombie (D:15)
  An orb spider (shapeshifter) (Vaults:1)
  8 orc knights
  2 swamp dragons (Swamp:1)
  A harpy (Lair:6)
  20 mana vipers
  16 ugly things
  3 cyclopes
  2 oklob plants (Snake:1)
  7 deep elf magi
  6 salamanders
  2 manticores
  3 wolf spiders
  6 orc sorcerers
  10 elephants
  32 black mambas
  2 ice statues (IceCv)
  7 guardian serpents (Snake:4)
  10 naga magi
  2 vault sentinels
  A gargoyle (D:14)
  14 spiny frogs
  A centaur skeleton (D:15)
  11 komodo dragons
  4 rime drakes
  A redback zombie (D:14)
  5 swamp worm zombies (Swamp:2)
  A kobold demonologist (D:14)
  6 freezing wraiths
  2 tengu conjurers (D:14)
  A large abomination (Swamp:2)
  A jumping spider (shapeshifter) (D:14)
  Grinder (D:5)
  3 polar bears (Lair:6)
  6 tyrant leeches
  10 trolls
  2 wind drakes (Lair:6)
  31 saltlings (Desolation)
  A merfolk (D:9)
  7 hornets
  25 slime creatures
  7 bog bodies
  A meliai zombie (D:12)
  3 alligator zombies (Swamp:2)
  Sigmund (D:6)
  3 spectral swamp dragons (Swamp:2)
  7 hippogriffs
  17 blink frogs
  A centaur simulacrum (D:14)
  4 shadows
  A redback (Snake:1)
  6 wraiths
  40 yaks
  5 basilisks
  4 wyverns
  Eustachio (D:4)
  2 tyrant leech zombies (Swamp:2)
  A yak (shapeshifter) (Vaults:1)
  A hungry ghost (D:11)
  A golden eye (shapeshifter) (D:14)
  6 swamp worm simulacra (Swamp:4)
  7 vampire mosquitoes
  5 wargs
  Menkaure (D:5)
  50 nagas
  A soldier ant (D:14)
  14 insubstantial wisps
  13 swamp worms
  2 acid dragons
  17 water moccasins
  8 porcupines
  16 hydra simulacra (Swamp:4)
  4 spiny frog zombies (Swamp:2)
  3 swamp drakes (Swamp:1)
  35 orc warriors
  6 sky beasts
  15 ice beasts
  12 ogres
  2 necrophages
  2 hornet zombies (D:14)
  6 boggarts (Vaults:1)
  An eye of draining (D:13)
  10 centaurs
  21 wolves
  10 crocodiles
  Blork the orc (D:6)
  6 big kobolds (D:14)
  13 bullfrogs
  8 gnoll sergeants (Bailey)
  A wyvern zombie (D:14)
  5 scorpions
  11 wights
  5 spriggan zombies (Swamp:2)
  A troll zombie (Swamp:2)
  5 electric eels
  7 howler monkeys
  A bullfrog zombie (D:8)
  7 crimson imps
  7 hounds
  5 centaur zombies
  4 jellies
  6 gnoll shamans (Bailey)
  22 orc priests
  38 orc wizards
  3 bullfrog skeletons
  Natasha (thrice) (D:4)
  6 iguanas
  9 worker ants
  2 worker ant zombies
  21 gnolls
  11 adders
  5 shadow imps
  12 white imps (Orc:2)
  2 oozes
  2 swamp drake simulacra (Swamp:4)
  An adder skeleton (D:5)
  A worm (D:3)
  2 dart slugs
  3 leopard geckos
  53 orcs
  9 giant cockroaches
  11 goblins
  4 hobgoblins
  12 jackals
  12 kobolds
  4 quokkas
  A ball python (D:3)
  4 bats
  5 frilled lizards
  A leopard gecko zombie (D:4)
  5 rats
  A briar patch (Swamp:4)
  A plant (Lair:3)
  A withered plant (Swamp:2)
1225 creatures vanquished.

Vanquished Creatures (collateral kills)
  A thorn hunter (Swamp:2)
  A shock serpent (Snake:1)
  A naga (Snake:1)
  A soldier ant (D:14)
4 creatures vanquished.

Vanquished Creatures (others)
  A nagaraja (Snake:4)
  2 centaur warriors
  A deep elf knight (Vaults:1)
  A deep elf mage (D:14)
  2 cyclopes
  A naga mage (Snake:1)
  A tengu simulacrum (Vaults:1)
  A bog body (Swamp:3)
  4 humans (D:14)
  A naga (Snake:4)
  An acid dragon (D:14)
  A boggart (Vaults:1)
  3 centaurs
  2 wights (D:14)
  An orc (Orc:1)
  A briar patch (Swamp:4)
  24 fungi
  20 plants
68 creatures vanquished.

Grand Total: 1297 creatures vanquished

Notes
Turn   | Place    | Note
-------+----------+-------------------------------------------
     0 | D:1      | Mgcat the Merfolk Fighter began the quest for the Orb.
     0 | D:1      | Reached XP level 1. HP: 18/18 MP: 1/1
   113 | D:1      | Reached XP level 2. HP: 18/24 MP: 2/2
   530 | D:1      | Reached skill level 4 in Polearms
   561 | D:1      | Reached XP level 3. HP: 29/30 MP: 3/3
   567 | D:1      | Reached skill level 4 in Fighting
   925 | D:2      | HP: 7/30 [poisoned by an adder]
   932 | D:2      | HP: 5/30 [poisoned by an adder]
   939 | D:2      | HP: 3/30 [poisoned by an adder]
   947 | D:2      | HP: 2/30 [poisoned by an adder]
  1788 | D:2      | Reached XP level 4. HP: 38/38 MP: 4/4
  1963 | D:3      | Noticed a centaur
  1968 | D:3      | Killed a centaur
  1968 | D:3      | Reached skill level 5 in Fighting
  1968 | D:3      | Reached skill level 5 in Polearms
  1968 | D:3      | Reached XP level 5. HP: 42/44 MP: 5/5
  2106 | D:3      | Reached skill level 6 in Polearms
  2381 | D:3      | Found a runed translucent gate.
  2381 | D:3      | Found a runed translucent gate.
  2382 | D:3      | Found a runed translucent gate.
  2383 | D:3      | Found an opulent altar of Gozag.
  2384 | D:3      | Noticed a hippogriff
  2384 | D:3      | Noticed tidbits's ghost (weakling GnSk)
  2742 | D:4      | HP: 3/44 [iguana (12)]
  2744 | D:4      | Reached skill level 7 in Polearms
  2744 | D:4      | Reached XP level 6. HP: 3/51 MP: 6/6
  3120 | D:4      | Noticed Natasha
  3130 | D:4      | Killed Natasha
  3157 | D:4      | Found a runed translucent gate.
  3157 | D:4      | Found a runed translucent gate.
  3157 | D:4      | Found a runed translucent gate.
  3196 | D:4      | Noticed Eustachio
  3220 | D:4      | Killed Eustachio
  3220 | D:4      | Reached skill level 9 in Polearms
  3229 | D:4      | Reached XP level 7. HP: 52/56 MP: 7/7
  3238 | D:4      | Noticed Natasha
  3250 | D:4      | Killed Natasha
  3260 | D:4      | Noticed Natasha
  3279 | D:4      | Killed Natasha
  3380 | D:4      | Noticed George's ghost (novice DsFi)
  3519 | D:4      | Reached skill level 10 in Polearms
  4045 | D:4      | Found an ancient bone altar of Kikubaaqudgha.
  4045 | D:4      | Found a faded altar of an unknown god.
  4075 | D:4      | Found a shadowy altar of Dithmenos.
  4077 | D:4      | Found a faded altar of an unknown god.
  4079 | D:4      | Found a shattered altar of Ashenzari.
  4083 | D:4      | Became a worshipper of Dithmenos the Shadowed
  4083 | D:4      | Reached * piety under Dithmenos
  4285 | D:5      | Entered Level 5 of the Dungeon
  4285 | D:5      | Noticed Grinder
  4302 | D:5      | Paralysed by Grinder for 5 turns
  4319 | D:5      | Killed Grinder
  4319 | D:5      | Reached skill level 11 in Polearms
  4319 | D:5      | Reached XP level 8. HP: 41/62 MP: 8/8
  4434 | D:5      | Reached skill level 12 in Polearms
  4902 | D:5      | Found Zin's Purification Station.
  4905 | D:5      | Found a glowing silver altar of Zin.
  4979 | D:5      | Reached skill level 13 in Polearms
  5004 | D:5      | Noticed Menkaure
  5021 | D:5      | Killed Menkaure
  5170 | D:5      | Reached skill level 14 in Polearms
  5358 | D:5      | Reached ** piety under Dithmenos
  5554 | D:6      | Found a staircase to the Ecumenical Temple.
  5573 | D:6      | Reached skill level 1 in Dodging
  5573 | D:6      | Reached XP level 9. HP: 68/68 MP: 9/9
  5695 | D:6      | Noticed a queen bee
  5700 | D:6      | Noticed Uhlv's ghost (novice MiWn)
  5740 | D:6      | Found a transporter.
  5747 | D:6      | Noticed Blork the orc
  5750 | D:6      | Killed Blork the orc
  5750 | D:6      | Reached skill level 2 in Dodging
  5883 | D:6      | Noticed Sigmund
  5904 | D:6      | Killed Sigmund
  6078 | D:6      | Found a transporter.
  6437 | D:7      | Found a blossoming altar of Fedhas.
  6726 | D:8      | Reached skill level 3 in Dodging
  6749 | D:8      | Reached skill level 4 in Shields
  6768 | D:8      | Reached skill level 3 in Armour
  6804 | D:8      | Reached skill level 6 in Fighting
  7057 | D:8      | Found an iron altar of Okawaru.
  7087 | D:8      | Reached skill level 4 in Dodging
  7300 | D:8      | Reached *** piety under Dithmenos
  7547 | D:8      | Found a staircase to the Lair.
  7616 | D:8      | Reached XP level 10. HP: 77/77 MP: 10/10
  7927 | D:9      | Reached skill level 5 in Dodging
  7927 | D:9      | Reached skill level 5 in Shields
  8052 | D:9      | Reached skill level 15 in Polearms
  8066 | D:9      | Reached skill level 7 in Fighting
  8072 | D:9      | Reached skill level 4 in Armour
  8084 | D:9      | HP: 9/79 [yak (13)]
  8114 | D:9      | HP: 12/79 [yak (6)]
  8128 | D:9      | HP: 9/79 [yak (5)]
  8474 | D:9      | Found a shimmering altar of Xom.
  8615 | D:10     | Entered Level 10 of the Dungeon
  8683 | D:10     | HP: 16/79 [something (8)]
  8691 | D:10     | Killed an unseen horror
  9261 | D:10     | Found an opulent altar of Gozag.
  9312 | D:10     | Reached skill level 8 in Fighting
  9372 | D:10     | Found a transporter.
  9374 | D:10     | Found a transporter.
  9377 | D:10     | Noticed a cyclops
  9378 | D:10     | Noticed a two-headed ogre
  9379 | D:10     | Found a roughly hewn altar of Beogh.
  9379 | D:10     | Noticed an orc high priest
  9379 | D:10     | Noticed an orc high priest
  9751 | D:11     | Reached skill level 5 in Armour
  9811 | D:11     | Reached skill level 16 in Polearms
  9929 | D:11     | Reached XP level 11. HP: 64/87 MP: 11/11
 10093 | D:10     | Reached skill level 9 in Fighting
 10163 | D:11     | Found a staircase to the Orcish Mines.
 10234 | D:11     | Reached **** piety under Dithmenos
 10367 | D:11     | Reached skill level 10 in Fighting
 10659 | Lair:1   | Entered Level 1 of the Lair of Beasts
 10769 | Lair:1   | Reached skill level 1 in Invocations
 11147 | Lair:1   | Noticed a six-headed hydra
 11167 | Lair:1   | Killed a six-headed hydra
 11167 | Lair:1   | Reached skill level 6 in Dodging
 11167 | Lair:1   | Reached skill level 2 in Invocations
 11428 | Lair:1   | Reached skill level 3 in Invocations
 11443 | Lair:1   | Reached skill level 6 in Shields
 11879 | Lair:2   | Found a staircase to the Snake Pit.
 12000 | Lair:2   | Noticed a four-headed hydra
 12008 | Lair:2   | Killed a four-headed hydra
 12008 | Lair:2   | Reached skill level 7 in Dodging
 12008 | Lair:2   | Reached XP level 12. HP: 47/99 MP: 14/14
 12152 | Lair:2   | Found a gate leading to a gauntlet.
 12193 | Gauntlet | Entered a Gauntlet
 12193 | Gauntlet | Found a transporter.
 12193 | Gauntlet | Found a transporter.
 12193 | Gauntlet | Found a transporter.
 12194 | Gauntlet | Found a transporter.
 12195 | Gauntlet | Found a transporter.
 12198 | Gauntlet | Found a transporter.
 12204 | Gauntlet | Found a transporter.
 12206 | Gauntlet | Found a transporter.
 12207 | Gauntlet | Found a transporter.
 12209 | Gauntlet | Found a transporter.
 12211 | Gauntlet | Noticed a green death
 12217 | Gauntlet | Found a transporter.
 12218 | Gauntlet | Found a transporter.
 12229 | Gauntlet | Noticed a five-headed hydra
 12528 | Gauntlet | Reached skill level 4 in Invocations
 12812 | Gauntlet | Got a sparkling iron ring
 12878 | Gauntlet | Identified the ring "Afuocve" {Fire Dex+4} (You found it in
                  | a Gauntlet)
 12891 | Gauntlet | Got a steaming short sword
 12908 | Gauntlet | Noticed a minotaur
 12929 | Gauntlet | Killed a minotaur
 12929 | Gauntlet | Reached skill level 6 in Armour
 13173 | Gauntlet | Identified Beirghil's Grimoire of Evil
 13174 | Gauntlet | Got a transparent helmet
 13175 | Gauntlet | Identified the +4 helmet of Magic {MP+9} (You found it in a
                  | Gauntlet)
 13219 | Lair:2   | Reached skill level 11 in Fighting
 13356 | Lair:2   | Found a staircase to the Swamp.
 13587 | Lair:2   | Reached skill level 8 in Dodging
 13593 | Lair:2   | Reached skill level 7 in Shields
 13753 | Lair:2   | Got a faintly humming robe
 14183 | Lair:3   | Reached skill level 17 in Polearms
 14183 | Lair:3   | Reached skill level 5 in Invocations
 14249 | Lair:3   | Reached ***** piety under Dithmenos
 14667 | Lair:3   | Found an ornate altar of the Wu Jian Council.
 15398 | Lair:4   | Reached XP level 13. HP: 105/106 MP: 17/17
 15496 | Lair:4   | Reached skill level 9 in Dodging
 16085 | Lair:4   | Reached skill level 6 in Invocations
 16684 | Lair:5   | Reached skill level 8 in Shields
 16711 | Lair:5   | Reached skill level 7 in Armour
 17108 | Lair:5   | Reached skill level 12 in Fighting
 17192 | Lair:5   | Reached skill level 10 in Dodging
 17192 | Lair:5   | Reached skill level 7 in Invocations
 17376 | Lair:5   | Learned a level 2 spell: Song of Slaying
 17714 | Lair:6   | Entered Level 6 of the Lair of Beasts
 17773 | Lair:6   | Reached skill level 18 in Polearms
 17910 | Lair:5   | HP: 25/109 [death yak (13)]
 18551 | Lair:5   | Reached XP level 14. HP: 112/116 MP: 19/19
 18601 | Lair:6   | Reached skill level 9 in Shields
 18946 | Lair:6   | Reached skill level 8 in Invocations
 19301 | Lair:6   | Reached ****** piety under Dithmenos
 19899 | Lair:6   | Reached skill level 8 in Armour
 20090 | Lair:6   | Found a staircase to the Slime Pits.
 20680 | Orc:1    | Entered Level 1 of the Orcish Mines
 20680 | Orc:1    | Noticed Erolcha
 20686 | Orc:1    | Noticed a stone giant
 20708 | D:11     | Killed Erolcha
 20813 | Orc:1    | Noticed Nergalle
 21046 | D:11     | Killed a stone giant
 21046 | D:11     | Reached skill level 13 in Fighting
 21054 | D:11     | Killed Nergalle
 21767 | Orc:2    | Entered Level 2 of the Orcish Mines
 21786 | Orc:2    | Found a frozen archway.
 21856 | IceCv    | Entered an ice cave
 21871 | IceCv    | Reached skill level 9 in Invocations
 22227 | IceCv    | HP: 29/118 [ice dragon (9)]
 22236 | IceCv    | Reached skill level 10 in Shields
 22549 | IceCv    | Got a smoking steel ring
 22553 | IceCv    | Got a warped golden ring
 22562 | IceCv    | Identified the ring "Micufiyc" {*Slow rPois rF+ Stlth+}
                  | (You found it in an ice cave)
 22563 | IceCv    | Identified the ring "Xisekh" {*Corrode rC+ Dex+2 SInv} (You
                  | found it in an ice cave)
 23256 | Orc:2    | Reached skill level 19 in Polearms
 23286 | Orc:2    | Paralysed by an orc sorcerer for 7 turns
 23490 | Orc:2    | Noticed an orc warlord
 23736 | Orc:2    | Reached XP level 15. HP: 124/124 MP: 22/22
 23776 | Orc:2    | Killed an orc warlord
 24130 | Orc:2    | Paralysed by an orc sorcerer for 2 turns
 24465 | Orc:2    | Found a roughly hewn altar of Beogh.
 24572 | Orc:2    | Found Juxirr's Antique Armour Boutique.
 24579 | Orc:2    | Found Uhaogoniq's Book Boutique.
 24630 | Orc:2    | Found Veucs's General Store.
 24703 | Orc:2    | Found a staircase to the Elven Halls.
 24708 | Orc:2    | Noticed Donald
 25120 | Orc:2    | Killed Donald
 25691 | Orc:2    | Found Liqifaec's Antique Weapon Boutique.
 25697 | Orc:2    | Bought a glowing trident for 117 gold pieces
 25876 | D:12     | Found a flagged portal.
 25886 | Bailey   | Entered a bailey
 26365 | D:12     | Noticed Fannar
 26389 | D:12     | Killed Fannar
 26389 | D:12     | Reached skill level 1 in Stealth
 26389 | D:12     | Reached skill level 10 in Invocations
 26482 | D:12     | Noticed Jaiteiro's ghost (journeyman FoFi)
 26482 | D:12     | Noticed a lich
 26483 | D:12     | Noticed a tengu reaver
 26484 | D:12     | Noticed a storm dragon
 26552 | D:12     | Found Mafach's Book Boutique.
 26641 | D:12     | Found a runed translucent door.
 26648 | D:12     | Found a runed translucent door.
 26853 | D:12     | Noticed an orc warlord
 27408 | D:12     | Killed an orc warlord
 27408 | D:12     | Reached skill level 2 in Stealth
 27853 | D:12     | Reached skill level 9 in Armour
 28200 | D:12     | Found a roughly hewn altar of Beogh.
 28229 | D:12     | Reached skill level 3 in Stealth
 28893 | D:14     | Noticed Kirke
 28903 | D:14     | Killed Kirke
 28903 | D:14     | Reached skill level 14 in Fighting
 28978 | D:14     | Reached skill level 4 in Stealth
 29163 | D:14     | Reached skill level 5 in Stealth
 29187 | D:14     | Reached skill level 20 in Polearms
 29479 | D:14     | Reached XP level 16. HP: 124/134 MP: 23/23
 29506 | D:14     | Reached skill level 6 in Stealth
 29987 | D:14     | Found a gate to the Vaults.
 30501 | D:15     | Entered Level 15 of the Dungeon
 30518 | D:15     | Reached skill level 7 in Stealth
 30573 | D:15     | Found Vated's Magic Scroll Shoppe.
 30581 | D:15     | Bought a scroll of enchant weapon for 105 gold pieces
 30581 | D:15     | Bought a scroll of blinking for 105 gold pieces
 30581 | D:15     | Bought a scroll of magic mapping for 49 gold pieces
 30896 | D:15     | Found Keptesk's Food Shoppe.
 30974 | D:15     | Reached skill level 10 in Armour
 31137 | D:15     | Reached skill level 15 in Fighting
 31168 | D:15     | Reached skill level 8 in Stealth
 31368 | D:15     | Found Jinol's Assorted Antiques.
 31396 | D:15     | Found a staircase to the Depths.
 31485 | D:15     | Found Reacluwn's Armour Boutique.
 31493 | D:15     | Bought a +1 chain mail of cold resistance for 264 gold
                  | pieces
 31981 | Swamp:1  | Entered Level 1 of the Swamp
 32001 | Lair:2   | Reached skill level 9 in Stealth
 32136 | Swamp:1  | Noticed Frances
 32759 | Swamp:1  | Reached skill level 10 in Stealth
 32830 | Swamp:1  | Killed Frances
 32830 | Swamp:1  | Reached skill level 1 in Spellcasting
 32830 | Swamp:1  | Reached skill level 1 in Charms
 32830 | Swamp:1  | Reached skill level 1 in Evocations
 33101 | Swamp:1  | Reached skill level 2 in Charms
 33215 | Swamp:1  | Reached skill level 2 in Evocations
 33438 | Swamp:1  | Reached skill level 2 in Spellcasting
 33790 | Swamp:2  | Noticed a thorn hunter
 34193 | Swamp:2  | Reached skill level 3 in Charms
 34219 | Swamp:2  | Noticed a thorn hunter
 34230 | Swamp:2  | Killed a thorn hunter
 34230 | Swamp:2  | Reached skill level 3 in Evocations
 34314 | Swamp:2  | Reached skill level 3 in Spellcasting
 34744 | Swamp:2  | Reached skill level 4 in Charms
 34980 | Swamp:2  | Reached skill level 4 in Evocations
 35197 | Swamp:2  | Killed a thorn hunter
 35197 | Swamp:2  | Reached XP level 17. HP: 62/142 MP: 24/24
 35467 | Swamp:3  | Reached skill level 4 in Spellcasting
 35568 | Swamp:3  | Reached skill level 5 in Charms
 35982 | Swamp:3  | Reached skill level 5 in Evocations
 36282 | Swamp:3  | Reached skill level 5 in Spellcasting
 36288 | Swamp:3  | Reached skill level 6 in Charms
 36468 | Snake:1  | Entered Level 1 of the Snake Pit
 36829 | Snake:1  | Reached skill level 6 in Evocations
 37464 | Snake:1  | Reached skill level 7 in Charms
 37663 | Snake:2  | You fall through a shaft!
 37686 | Snake:3  | Reached skill level 6 in Spellcasting
 37958 | Snake:2  | Reached skill level 7 in Evocations
 38227 | Snake:2  | Reached skill level 8 in Charms
 38260 | Snake:2  | Noticed Louise
 38291 | Snake:2  | Identified a scroll of acquirement
 38567 | Snake:3  | Reached skill level 7 in Spellcasting
 39040 | Snake:3  | Reached skill level 8 in Evocations
 39071 | Snake:3  | Reached XP level 18. HP: 118/149 MP: 26/29
 39098 | Snake:3  | Reached skill level 9 in Charms
 40105 | Snake:4  | Entered Level 4 of the Snake Pit
 40179 | Snake:4  | Reached skill level 8 in Spellcasting
 40463 | Snake:4  | Reached skill level 9 in Evocations
 40711 | Snake:4  | Reached skill level 10 in Charms
 41351 | Snake:4  | Found Kipn's Jewellery Shoppe.
 41352 | Snake:4  | Found Xoac's Gadget Shop.
 41352 | Snake:4  | Found Irew's Gadget Shop.
 41364 | Snake:4  | Bought a cursed -3 ring of protection for 32 gold pieces
 41615 | Snake:4  | Reached skill level 9 in Spellcasting
 41816 | Snake:4  | Reached skill level 10 in Evocations
 41884 | Snake:4  | HP: 37/149 [poisoned by a nagaraja (bolt of poison)]
 41889 | Snake:4  | HP: 33/149 [poisoned by a nagaraja (bolt of poison)]
 41894 | Snake:4  | HP: 31/149 [poisoned by a nagaraja (bolt of poison)]
 41900 | Snake:4  | HP: 29/149 [poisoned by a nagaraja (bolt of poison)]
 41905 | Snake:4  | HP: 29/149 [poisoned by a nagaraja (bolt of poison)]
 41912 | Snake:4  | HP: 29/149 [poisoned by a nagaraja (bolt of poison)]
 41922 | Snake:4  | HP: 30/149 [poisoned by a nagaraja (bolt of poison)]
 42033 | Snake:4  | Learned a level 3 spell: Regeneration
 42278 | Snake:4  | Reached skill level 1 in Necromancy
 42620 | Snake:4  | Reached skill level 10 in Spellcasting
 42620 | Snake:4  | Reached skill level 2 in Necromancy
 42776 | Snake:4  | Reached skill level 3 in Necromancy
 43024 | Snake:4  | Got a serpentine rune of Zot
 43209 | Swamp:4  | Entered Level 4 of the Swamp
 43613 | Swamp:4  | Reached skill level 4 in Necromancy
 43632 | Swamp:4  | Noticed Nikola
 43710 | Swamp:4  | Killed Nikola
 43710 | Swamp:4  | Reached XP level 19. HP: 64/155 MP: 33/33
 44027 | Swamp:4  | Reached skill level 5 in Necromancy
 45083 | Swamp:4  | Got a decaying rune of Zot
 45374 | Vaults:1 | Entered Level 1 of the Vaults
 45414 | Vaults:1 | Reached skill level 6 in Necromancy
 45766 | Vaults:1 | Reached skill level 7 in Necromancy
 46201 | Vaults:1 | Reached skill level 8 in Necromancy
 47034 | Vaults:1 | Reached skill level 9 in Necromancy
 47180 | Vaults:1 | HP: 35/155 [ghostly deep elf death mage/vampiric
                  | draining[an ironheart preserver] (11)]
 48163 | Vaults:2 | Reached skill level 10 in Necromancy
 48444 | Vaults:2 | Found a shimmering altar of Xom.
 48468 | Vaults:2 | Found a ruined gateway.
 48473 | Desolati | Entered the Desolation of Salt
 48584 | Desolati | Got a smoking diamond amulet
 48585 | Desolati | Identified the amulet of Qiqaro {Spirit *Contam MR+ Str+5
                  | Dex+2} (You found it in the Desolation of Salt)
 48588 | Desolati | Identified the Almanac of Bewitchment
 48876 | Desolati | Found the +9 sword of Zonguldrok {reap}
 48878 | Desolati | Got a scorched jade ring
 48888 | Desolati | Identified the ring of Axixeck {Fire *Corrode Str+4 Int+2
                  | SInv} (You found it in the Desolation of Salt)
 49158 | Desolati | Reached XP level 20. HP: 85/162 MP: 34/34
 49442 | Desolati | HP: 39/162 [ragged hierophant/a resonance strike (6)]
 49445 | Desolati | HP: 19/162 [peacekeeper (16)]
 49445 | Desolati | HP: 1/162 [ragged hierophant/a resonance strike (18)]
 49445 | Desolati | Mangled by a saltling

Skill      XL: |  1  2  3  4  5  6  7  8  9 10 11 12 13 14 15 16 17 18 19 |
---------------+----------------------------------------------------------+-----
Polearms       | 4 5 7 9 11 14 16 17 18 19 20 | 20.3
Fighting       | 4 5 6 8 10 11 12 13 14 15 | 15.2
Dodging        | 1 4 5 7 8 10 | 10.7
Shields        | 4 5 6 7 8 10 | 10.4
Armour         | 3 5 6 7 8 9 10 | 10.2
Invocations    | 3 5 7 9 10 | 10.0
Stealth        | 5 10 | 10.0
Spellcasting   | 3 7 10 | 10.0
Charms         | 4 8 10 | 10.0
Evocations     | 4 8 10 | 10.0
Necromancy     | 4 10 | 10.0

Action                   |  1- 3 |  4- 6 |  7- 9 | 10-12 | 13-15 | 16-18 | 19-21 || total
-------------------------+-------+-------+-------+-------+-------+-------+-------++-------
Melee: Trident           |   132 |   157 |   594 |  1103 |  2662 |  2413 |  1010 ||  8071
       Tailslap          |       |       |       |       |    13 |    60 |     5 ||    78
 Cast: Song of Slaying   |       |       |       |       |       |     5 |    15 ||    20
       Regeneration      |       |       |       |       |       |       |     2 ||     2
Evoke: Wand              |       |       |       |    10 |    42 |    22 |    17 ||    91
       Phial of floods   |       |       |       |       |     2 |     1 |     1 ||     4
       Lamp of fire      |       |       |       |       |     1 |     2 |     1 ||     4
       Sack of spiders   |       |       |       |       |       |     1 |       ||     1
       Phantom mirror    |       |       |       |       |       |       |     1 ||     1
  Use: Scroll            |     2 |     3 |     7 |    20 |    11 |    19 |     8 ||    70
       Potion            |       |       |       |     6 |    18 |     6 |     3 ||    33
 Stab: Distracted        |       |       |       |     1 |     3 |    11 |     3 ||    18
       Sleeping          |       |       |       |       |    10 |    48 |    12 ||    70
       Invisible         |       |       |       |       |     8 |       |       ||     8
  Eat: Chunk             |     3 |     5 |    14 |    16 |    44 |    12 |     2 ||    96
       Ration            |       |       |       |     3 |     1 |    11 |     4 ||    19
Armor: Scale mail        |    49 |    41 |    45 |   169 |   318 |    64 |       ||   686
       Skin              |       |       |       |     4 |       |       |       ||     4
       Chain mail        |       |       |       |       |       |   392 |   228 ||   620
Dodge: Dodged            |    18 |    24 |    58 |   198 |   696 |   527 |   277 ||  1798
Block: Shield            |    42 |    88 |   235 |   532 |  1226 |  1470 |   640 ||  4233
       Reflection        |     1 |     7 |     6 |     9 |    26 |   127 |    16 ||   192

Levels and vault maps discovered:
D:1:      roderic_crop_circles_arrival_small, layout_basic
D:2:      layout_basic
D:3:      layout_loops_ring, ebering_ghost_gozag, minmay_misc_feat_ornament
D:4:      layout_basic, chequers_temple_overflow_minitemple,
          gammafunk_ghost_icy, roderic_malta_cross, uniq_eustachio, uniq_natasha
D:5:      layout_cave_pods, zin_purify, first_ration,
          minmay_misc_feat_secret_circle, uniq_menkaure, uniq_grinder
D:6:      layout_loops_ring, minmay_temple_entry_waves, gammafunk_ghost_hive,
          uniq_blork_the_orc, uniq_sigmund
D:7:      layout_basic, fedhas_altar_1
D:8:      layout_rooms, okawaru_metal_pillars_1_2, dpeg_oklobed_lair
D:9:      layout_cave_pools, brannock_xom_greatest_gift, hangedman_fish_farm
D:10:     gammafunk_beogh_shrine, layout_loops_ring, nicolae_gozag_seed_capital
D:11:     layout_roguey, minmay_orc_entry_guard_dogs
D:12:     orc_temple, layout_loops_ring, serial_shops,
          nicolae_shop_behind_doors, muffindrake_ghost_dual_entry,
          enter_bailey_8, minivault_24, uniq_fannar
D:13:     layout_cave_pools, st_stairs_1, hive_lemuel
D:14:     minmay_heptahexagon, layout_basic,
          hangedman_vaults_entry_quadrant_bands, drop_trap, uniq_kirke
D:15:     grunt_enter_depths_hoard, layout_gridville, grunt_decor_resistance,
          serial_shops, shop, nicolae_shop_trees, nicolae_shop_stone, shop
Lair:1:   layout_chaotic_city
Lair:2:   layout_hall_layers, swamp_mist_pool,
          minmay_snake_entry_guardpost_small, gauntlet_entry_generic
Lair:3:   layout_hall_layers, basic_altar, hibernation_bobbens,
          grunt_megastairs_3
Lair:4:   layout_loops_ring, cheibrodos_lair_caveside_slide,
          infiniplex_staircase_pool_2, minmay_lair_oklob_chamber,
          serial_bayou_shore_b
Lair:5:   layout_gridlike, dpeg_stationary_puzzle, lemuel_fruit_tree,
          infiniplex_staircase_pool
Lair:6:   gammafunk_lair_ancient_temple, layout_loops_ring,
          minmay_slime_entry_pillars, serial_bayou_shore_a
Swamp:1:  layout_falls_marsh, evilmike_swamp_ruin_house_2, swamp_pool3,
          uniq_frances
Swamp:2:  cheibrodos_swamp_mausoleum, layout_basic_swamp, hangedman_swamp_cone,
          swamp_pool2
Swamp:3:  layout_basic_swamp, evilmike_swamp_ruin_house_5
Swamp:4:  swamp_icy, layout_basic_swamp, uniq_nikola
Snake:1:  dpeg_oklob_gauntlet, layout_cave_shapes, grunt_ministairs_10
Snake:2:  layout_onion_interference, uniq_louise
Snake:3:  layout_grid_maze, guppyfry_snake_island
Snake:4:  grunt_snake_rune_pools, layout_cave_town, minmay_shop_grove
Orc:1:    layout_diamond_mine, uniq_erolcha, uniq_nergalle
Orc:2:    grunt_orc_cross, layout_caves, portal_ice_cave_entry_imps, uniq_donald
Vaults:1: v_misc_23, v_rooms_1, vaults_room_semicircle, vaults_room_door_ring,
          hangedman_vaults_stretched_pinwheel, hangedman_vaults_capsules,
          vaults_room_door_hall, ontoclasm_vaults_pinch,
          nicolae_vaults_shelves_hall, layout_vaults_omnigrid
Vaults:2: hangedman_vaults_restitches, minmay_crypt_entry_necro_gods,
          grunt_vaults_focal, ontoclasm_vaults_ligature,
          vaults_room_grunt_arrival_ludios, nicolae_vaults_ninety_degrees,
          nicolae_vaults_three_branches, layout_vaults_chaotic_city,
          portal_desolation_entry_ruin, serial_shops, shop, basic_altar
Bailey:   bailey_polearm_gnolls_kennysheep, bailey
IceCv:    ice_cave_small_dragons
Desolation
Gauntlet: minmay_gauntlet_mixed_big_or_small [nicolae_gauntlet_arena_grate_2,
          minmay_gauntlet_arena_77_squiggly,
          nicolae_gauntlet_arena_flowing_pool,
          minmay_gauntlet_arena_77_double_cross,
          nicolae_gauntlet_arena_quarters, minmay_gauntlet_arena_77_two_lines,
          gauntlet_exit_watery]

Table legend:
 A = Turns spent in this place as a percentage of turns spent in the entire game.
 B = Non-inter-level travel turns spent in this place as a percentage of non-inter-level travel turns spent in the entire game.
 C = Inter-level travel turns spent in this place as a percentage of turns spent in this place.
 D = Turns resting spent in this place as a percentage of non-inter-level travel turns spent in this place.
 E = Turns spent auto-exploring this place as a percentage of non-inter-level travel turns spent in this place.
 F = Non-inter-level travel turns spent in this place divided by the number of levels of this place that you've seen.
                   A       B       C       D       E      F
               +-------+-------+-------+-------+-------+----------------------
         Total | 100.0 | 100.0 |   4.9 |  24.4 |  46.8 | 1270.4
       Dungeon |  35.0 |  33.7 |   8.5 |  16.8 |  57.3 | 1055.1
          Lair |  18.9 |  18.9 |   4.8 |  20.0 |  52.5 | 1482.2
         Swamp |  12.9 |  13.0 |   4.0 |  30.3 |  40.6 | 1528.8
     Snake Pit |  13.1 |  13.4 |   3.2 |  23.7 |  45.7 | 1570.5
  Orcish Mines |   7.1 |   7.4 |   1.1 |  46.9 |  24.9 | 1742.0
        Vaults |   6.3 |   6.5 |   0.8 |  24.1 |  46.1 | 1537.0
        Bailey |   0.9 |   1.0 |   0.0 |   1.5 |  38.8 | 456.0
      Ice Cave |   1.8 |   1.9 |   0.0 |  41.9 |  23.0 | 907.0
    Desolation |   2.0 |   2.1 |   0.0 |  40.3 |   9.4 | 972.0
      Gauntlet |   2.0 |   2.1 |   0.0 |  54.4 |  14.6 | 996.0
               +-------+-------+-------+-------+-------+----------------------

Table legend:
 A = Kills in this place as a percentage of kills in entire the game.
 B = Kills by you in this place as a percentage of kills by you in the entire game.
 C = Kills by friends in this place as a percentage of kills by friends in the entire game.
 D = Other kills in this place as a percentage of other kills in the entire game.
 E = Experience gained in this place as a percentage of experience gained in the entire game.
 F = Experience gained in this place divided by the number of levels of this place that you have seen.
                   A       B       C       D       E      F
               +-------+-------+-------+-------+-------+----------------------
         Total | 100.0 | 100.0 | 100.0 | 100.0 | 100.0 | 10958.0
       Dungeon |  33.6 |  33.5 |  25.0 |  46.7 |  17.2 | 4649.6
          Lair |  16.0 |  16.2 |   0.0 |   0.0 |  14.5 | 9816.0
         Swamp |  12.6 |  12.6 |  25.0 |   6.7 |  14.9 | 15123.2
     Snake Pit |  15.6 |  15.5 |  50.0 |  20.0 |  27.5 | 27892.8
  Orcish Mines |   6.6 |   6.7 |   0.0 |   0.0 |   3.5 | 7000.0
        Vaults |   7.3 |   7.0 |   0.0 |  26.7 |  13.8 | 27949.0
        Bailey |   2.4 |   2.5 |   0.0 |   0.0 |   0.3 | 1209.0
      Ice Cave |   1.6 |   1.6 |   0.0 |   0.0 |   1.2 | 5027.0
    Desolation |   3.8 |   3.8 |   0.0 |   0.0 |   6.4 | 26105.0
      Gauntlet |   0.6 |   0.6 |   0.0 |   0.0 |   0.6 | 2503.0
               +-------+-------+-------+-------+-------+----------------------
